 Dungeon Crawl Stone Soup version 0.30.0-18-gc0e69614cb (webtiles) character file.

Game seed: 10997785402033296106

3808 jagang the Protected (level 9, 0/76 HPs)
             Began as an Armataur Fighter on May 25, 2023.
             Was a Priest of Hepliaklqana.
             Shot with an arrow by a centaur (7 damage)
             ... on level 8 of the Dungeon.
             The game lasted 00:24:25 (6847 turns).

jagang the Protected (Armataur Fighter)             Turns: 6847, Time: 00:24:25

Health: 0/76       AC: 19    Str: 29    XL:     9   Next: 96%
Magic:  9/9        EV:  7    Int:  8    God:    Hepliaklqana [***...]
Gold:   424        SH:  8    Dex: 13    Spells: 8/8 levels left

rFire   . . .        u - +8 dagger "Naomusmi" {holy, Stlth+}
rCold   + . .        F - +2 buckler
rNeg    . . .        J - +6 chain mail of Gakotum {Slay+4}
rPois   .            o - +0 helmet
rElec   .            x - +0 cloak
rCorr   .            (no gloves)
SInv    .            (no barding)
Will    .....        k - amulet of faith Stlth
                     t - ring of protection from cold
HPRegen 0.32/turn    b - +6 ring of strength
MPRegen 0.11/turn

%: roll, faith
@: no status effects
A: reduced essence, large, rugged brown scales 3, deformed body, armoured tail,
roll, long tongue, awkward tongue
a: Renounce Religion, Ancestor Life: Knight, Ancestor Life: Battlemage, Ancestor
Life: Hexer, Recall Ancestor, Ancestor Identity, Transference


You were on level 8 of the Dungeon.
You worshipped Hepliaklqana.
Hepliaklqana was most pleased with you.
You visited 2 branches of the dungeon, and saw 9 of its levels.

You collected 424 gold pieces.

Inventory:

Hand Weapons
 s - the +8 trident of Extinguishment {heavy, Str+4 SInv}
   (You found it on level 8 of the Dungeon)

   Str:       It affects your strength (+4).
   SInv:      It lets you see invisible.
 u - the +8 dagger "Naomusmi" (weapon) {holy, Stlth+}
   (You found it on level 2 of the Dungeon)

   Stlth:     It makes you more stealthy.
 v - a +0 falchion of flaming
Armour
 o - a +0 helmet (worn)
 x - a +0 cloak (worn)
 F - a +2 buckler (worn)
 J - the +6 chain mail of Gakotum (worn) {Slay+4}
   (You found it on level 5 of the Dungeon)

   Slay:      It affects your accuracy & damage with ranged weapons and melee
   (+4).
Jewellery
 b - a +6 ring of strength (right hand)
 k - an amulet of faith (around neck)
 t - a ring of protection from cold (left hand)
Wands
 l - a wand of mindburst (12) (quivered)
Scrolls
 a - 5 scrolls of identify
 e - a scroll of vulnerability {unknown}
 f - 2 scrolls of blinking {unknown}
 m - 4 scrolls of enchant armour
 p - a scroll of brand weapon {unknown}
 y - a scroll of torment {unknown}
 A - a scroll of immolation {unknown}
 B - 2 scrolls of amnesia
 E - 2 scrolls of teleportation {unknown}
 G - a scroll of noise {unknown}
Potions
 c - 2 potions of attraction {unknown}
 d - a potion of might
 g - 3 potions of mutation
 h - 4 potions of berserk rage
 i - 2 potions of heal wounds {unknown}
 j - 2 potions of resistance
 n - a potion of invisibility
 q - 2 potions of flight {unknown}
 r - 5 potions of curing
 z - 3 potions of haste
 C - a potion of brilliance {unknown}
 D - a potion of lignification {unknown}


   Skills:
 + Level 7.1 Fighting
 + Level 6.8 Long Blades
 + Level 9.3 Armour
 + Level 8.5 Shields


You had 8 spell levels left.
You didn't know any spells.
Your spell library contained the following spells:

 Spells                   Type           Power      Damage    Failure   Level
 Beastly Appendage        Tmut           0%         N/A       86%         1
 Freeze                   Ice            0%         1d3       86%         1
 Sandblast                Erth           0%         2d4       86%         1
 Passwall                 Tmut/Erth      0%         N/A       95%         2
 Wereblood                Tmut           0%         N/A       95%         2
 Frozen Ramparts          Ice            0%         1d1       99%         3
 Hailstorm                Conj/Ice       0%         3d3       99%         3
 Spider Form              Tmut/Pois      0%         N/A       99%         3
 Stone Arrow              Conj/Erth      0%         3d7       99%         3
 Summon Guardian Golem    Hex/Summ       0%         N/A       99%         3
 Tukima's Dance           Hex            0%         N/A       99%         3
 Passage of Golubria      Tloc           0%         N/A       100%        4
 Summon Lightning Spire   Summ/Air       0%         N/A       100%        4
 Yara's Violent Unravell  Hex/Tmut       0%         3d3       100%        5
 Orb of Destruction       Conj           0%         9d5       100%        7
 Spellforged Servitor     Conj/Summ      0%         N/A       100%        7
 Storm Form               Tmut/Air       0%         N/A       100%        7
 Maxwell's Capacitive Co  Air            0%         ∞         100%        8


Dungeon Overview and Level Annotations

Branches:
Dungeon (8/15)             Temple (1/1) D:6            Lair (0/5) D:8

Altars:
Cheibriados
Dithmenos
Elyvilon
Gozag
Hepliaklqana
Kikubaaqudgha
Makhleb
Qazlal
Ru
Sif Muna
Trog
Uskayaw
Vehumet
Wu Jian
Xom
Yredelemnul
Zin
The Shining One


Innate Abilities, Weirdness & Mutations

Your life essence is reduced to manifest your ancestor. (-10% HP)
You are completely covered in rugged brown scales. (AC +3, +7% HP)
Armour fits poorly on your strangely shaped body.
You have a long armoured tail.
You roll when moving toward enemies. (Rampage)
Your long tongue fully drains potion bottles. (2x potion effects)
Your tongue gives you trouble enunciating. (1.5x scroll delay)


Message History

You block the orc warrior's attack.
The orc priest mumbles some strange prayers to Beogh against you.
Beogh smites you!
* * * LOW HITPOINT WARNING * * *
You puncture the orc priest! You tail-slap the orc priest.
You kill the orc priest!
The centaur barely misses you. The centaur kicks you.
* * * LOW HITPOINT WARNING * * *
You hear some strange, mumbled words.
Something tries to affect you, but you resist.
The orc warrior closely misses you.
You hit something.
Reactivating autopickup.
You feel a bit more experienced.
The centaur hits you but does no damage.
The centaur kicks you but does no damage.
You block the centaur's attack. The centaur barely misses you.
The orc warrior completely misses you.
You closely miss the centaur.
The centaur is heavily wounded.
The centaur closely misses you. You block the centaur's attack.
You closely miss the centaur.
The centaur is heavily wounded.
You block the centaur's attack.
The centaur kicks you but does no damage.
The orc warrior hits you with a +0 halberd!
* * * LOW HITPOINT WARNING * * *
The centaur attacks as you move away! The centaur barely misses you. x2
The orc warrior attacks as you move away!
The orc warrior barely misses you.
The centaur wields a +0 shortbow.
The centaur shoots an arrow.
You block the arrow. The orc warrior completely misses you.
The centaur shoots an arrow.
The arrow hits you but does no damage.
Things that are here:
a +0 dagger; a +0 robe The centaur shoots an arrow.
The arrow hits you.
* * * LOW HITPOINT WARNING * * *
The centaur shoots an arrow.
The arrow hits you but does no damage.
The centaur shoots an arrow.
The arrow hits you!
You die...

#.#.#... #......#
#####......# # ...........#
.......#.....# ....#..#.c.c.#
......#.#...##.#
.....#...#..)##.###.# #..#
.....#.?#.?.).#.@...# ..#
........#.....###...# ..#####
......#....#.# #.### ......
.##..#.#$..##.# #.# #....
..............# #.# #.<#
#...##.#..###.###.########..#
..##.....##
#.##............####.
##.....###
#.##...#######.......
.......# ##......# ###......


You could see a centaur.

Vanquished Creatures
  A troll (D:5)
  Sigmund (D:2)
  A wyvern (D:8)
  Duvessa (D:7)
  4 water moccasins
  3 sky beasts (D:6)
  4 black bears
  3 ice beasts
  3 centaurs
  3 phantoms
  3 kobold brigands
  2 bullfrogs (D:8)
  A scorpion (D:5)
  Dowan (D:7)
  A howler monkey (D:6)
  A jelly (D:4)
  6 orc priests
  2 hounds
  2 iguanas
  4 orc wizards
  3 gnolls (D:5)
  4 adders
  A white imp (D:5)
  2 ufetubi (D:6)
  A worm (D:2)
  4 dart slugs
  22 orcs
  4 bats
  5 endoplasms
  3 giant cockroaches
  7 hobgoblins
  12 jackals
  4 quokkas
  5 ball pythons
  4 frilled lizards
  7 goblins
  11 kobolds
  7 rats
153 creatures vanquished.

Vanquished Creatures (collateral kills)
  A water moccasin (D:5)
  A black bear (D:6)
  A jelly (D:8)
  2 gnolls (D:5)
  2 adders
  2 orcs (D:6)
  4 kobolds (D:7)
13 creatures vanquished.

Vanquished Creatures (others)
  3 ancestors
3 creatures vanquished.

Grand Total: 169 creatures vanquished

Notes
Turn   | Place    | Note
-------+----------+-------------------------------------------
     0 | D:1      | jagang the Armataur Fighter began the quest for the Orb.
     0 | D:1      | Reached XP level 1. HP: 19/19 MP: 1/1
   178 | D:1      | Reached XP level 2. HP: 26/26 MP: 2/2
   196 | D:1      | You fall into a shaft and drop 1 floor!
   437 | D:1      | Reached skill level 4 in Armour
   781 | D:1      | Reached XP level 3. HP: 31/33 MP: 3/3
  1114 | D:2      | Found a burning altar of Makhleb.
  1186 | D:2      | Identified the +8 dagger "Naomusmi" {holy, Stlth+}
  1197 | D:2      | Reached XP level 4. HP: 35/40 MP: 4/4
  1206 | D:2      | Reached XP level 5. HP: 30/48 MP: 5/5
  1329 | D:2      | Noticed Sigmund
  1342 | D:2      | Killed Sigmund
  1343 | D:2      | Reached skill level 5 in Armour
  1343 | D:2      | Reached XP level 6. HP: 30/55 MP: 6/6
  1851 | D:3      | Found a white marble altar of Elyvilon.
  2016 | D:3      | Found a hazy altar of Hepliaklqana.
  2024 | D:3      | Became a worshipper of Hepliaklqana the Forgotten
  2657 | D:4      | Reached * piety under Hepliaklqana
  2842 | D:4      | Reached skill level 5 in Shields
  3376 | D:4      | Found a basalt altar of Yredelemnul.
  3378 | D:4      | Found a shadowy altar of Dithmenos.
  3428 | D:5      | Entered Level 5 of the Dungeon
  3468 | D:5      | Reached XP level 7. HP: 42/58 MP: 7/7
  3851 | D:5      | Reached skill level 6 in Armour
  3961 | D:5      | Reached ** piety under Hepliaklqana
  3980 | D:5      | Identified the +6 chain mail of Gakotum {Slay+4}
  4031 | D:5      | Noticed a troll
  4203 | D:5      | Killed a troll
  4204 | D:5      | Reached skill level 5 in Fighting
  4204 | D:5      | Reached XP level 8. HP: 47/65 MP: 8/8
  4459 | D:5      | Reached skill level 7 in Armour
  4462 | D:5      | Reached skill level 5 in Long Blades
  4929 | D:6      | Found a staircase to the Ecumenical Temple.
  4946 | Temple   | Entered the Ecumenical Temple
  5142 | D:6      | Reached XP level 9. HP: 50/72 MP: 9/9
  5227 | D:6      | Reached skill level 8 in Armour
  5834 | D:7      | Reached *** piety under Hepliaklqana
  6004 | D:7      | Noticed Dowan
  6011 | D:7      | Noticed Duvessa
  6030 | D:7      | Killed Duvessa
  6044 | D:7      | Killed Dowan
  6300 | D:7      | Reached skill level 9 in Armour
  6427 | D:8      | Found a staircase to the Lair.
  6454 | D:8      | Identified the +8 trident of Extinguishment {heavy, Str+4
                  | SInv}
  6847 | D:8      | Shot with an arrow by a centaur

Illustrated notes

Levels and vault maps discovered:
D:1:      giann_forest_graveyard, layout_basic
D:2:      cheibrodos_pilgrimage, layout_loops_cross, basic_altar, uniq_sigmund
D:3:      layout_loops_ring, mainiacjoe_overflow_paths, elyvilon_altar_1
D:4:      layout_loops_ring, nicolae_overflow_hidden_temple
D:5:      minmay_chambers_of_fours, layout_gridville
D:6:      layout_basic, minmay_temple_entry_mini_moons,
          kennysheep_generic_room_10
D:7:      layout_cave_pods, uniq_duvessa
D:8:      layout_loops_ring, tgw_fedhas, lair_entry_dummy,
          hangedman_decor_peaks_small, nicolae_concentric_dashed_squares_mild,
          bh_walls_and_bars
Temple:   nicolae_temple_two_arcs

Skill      XL: |  1  2  3  4  5  6  7  8  9 |
---------------+----------------------------+-----
Long Blades    | 2 3 4 5 6 |  6.8
Fighting       | 3 4 5 6 7 |  7.1
Armour         | 4 5 6 7 9 |  9.3
Shields        | 4 5 6 7 8 |  8.5

Action                     |  1- 3 |  4- 6 |  7- 9 || total
---------------------------+-------+-------+-------++-------
  Melee: Long sword        |   111 |       |       ||   111
         Tailslap          |    12 |    16 |    38 ||    66
         Dagger            |     8 |   139 |   277 ||   424
    Use: Scroll            |       |       |     9 ||     9
         Potion            |       |       |     1 ||     1
   Stab: Distracted        |       |       |     1 ||     1
 Armour: Scale mail        |    61 |    48 |    20 ||   129
         Chain mail        |       |       |   192 ||   192
  Dodge: Dodged            |    48 |    34 |    79 ||   161
  Block: Buckler           |    27 |    25 |    81 ||   133
